 Dungeon Sprint DCSS version 0.28.0-53-g5a82cb258f (webtiles) character file.

Game seed: 7632478250412172178

6880 Revguard the Blocker (level 11, 0/93 HPs)
             Began as a Formicid Fighter on Aug 4, 2022.
             Was a High Priest of Okawaru.
             Slain by an ushabti (18 damage)
             ... in the Dungeon (Sprint V: "Ziggurat Sprint").
             The game lasted 00:08:58 (1265 turns).

Revguard the Blocker (Formicid Fighter)             Turns: 1265, Time: 00:08:59

Health: 0/93       AC: 36    Str: 25    XL:     11   Next: 26%
Magic:  29/36      EV:  8    Int:  8    God:    Okawaru [*****.]
Gold:   0          SH: 33    Dex: 14    Spells: 10/10 levels left

rFire   + + .      SeeInvis +   C - +7 great mace "Firestarter" {inner flame, rF++}
rCold   . . .      Faith    .   B - +18 shield of the Gong {rElec rN+ Will+ EV-5}
rNeg    + . .      Spirit   .   A - +15 Maxwell's patent armour {-Cast -Tele rElec Will+ rCorr}
rPois   .          Reflect  .   (helmet unavailable)
rElec   +          Harm     .   H - +1 cloak {Will+}
rCorr   +          Rampage  +   (no gloves)
Will    +++++      NoCast   +   p - +0 pair of boots {rampage}
Stlth   ..........              J - amulet of regeneration
HPRegen 1.05/turn               K - ring of Teat {+Blink rElec MP+9}
MPRegen 0.25/turn               D - ring "Xinianu" {Will+ MP+9 Str+4}

@: lethally poisoned (0 -> -22), heroic, finesse-ful, studying Long Blades
A: permanent stasis, dig shafts and tunnels, antennae 3, four strong arms
a: Dig, Renounce Religion, Heroism, Finesse


You were in the Dungeon.
You worshipped Okawaru.
Okawaru was extremely pleased with you.
You visited 1 branch

Inventory:

Hand Weapons
 b - the +7 sceptre of Torment {pain, torment}
   (You found it in the Dungeon)

   In the hands of one skilled in necromantic magic, it inflicts extra damage on
   living creatures.
   It occasionally torments all nearby living foes when it strikes in combat.
 C - the +7 great mace "Firestarter" (weapon) {inner flame, rF++}
   (You found it in the Dungeon)

   It burns those it strikes, dealing additional fire damage.
   It fills those it strikes with an explosive inner flame.
   It grants immunity to clouds of flame.
   rF:        It greatly protects you from fire.
Armour
 p - a +0 pair of boots of rampaging (worn)
 A - the +15 Maxwell's patent armour (worn) {-Cast -Tele rElec Will+ rCorr}
   (You found it in the Dungeon)

   rElec:     It insulates you from electricity.
   -Cast:     It prevents spellcasting.
   -Tele:     It prevents most forms of teleportation.
   rCorr:     It protects you from acid and corrosion.
   Will:      It increases your willpower.
 B - the +18 shield of the Gong (worn) {rElec rN+ Will+ EV-5}
   (You found it in the Dungeon)

   It is deafeningly noisy when blocking attacks.
   EV:        It affects your evasion (-5).
   rElec:     It insulates you from electricity.
   rN:        It protects you from negative energy.
   Will:      It increases your willpower.
 H - a +1 cloak of willpower (worn)
Jewellery
 a - an amulet of magic regeneration
 c - a ring of ice
 t - a ring of flight
 u - a +6 ring of dexterity
 v - a +6 ring of dexterity
 w - a +6 ring of intelligence
 x - a +6 ring of intelligence
 y - a +6 ring of strength
 z - a +6 ring of strength
 D - the ring "Xinianu" (right hand) {Will+ MP+9 Str+4}
   (You found it in the Dungeon)

   [ring of magical power]

   Str:       It affects your strength (+4).
   MP:        It affects your magic capacity (+9).
   Will:      It increases your willpower.
 E - the ring "Kudaimp" {Ice +Blink rN+ rCorr Dex+4}
   (You found it in the Dungeon)

   [ring of ice]

   It enhances your ice magic.
   Dex:       It affects your dexterity (+4).
   rF:        It makes you vulnerable to fire.
   rC:        It protects you from cold.
   rN:        It protects you from negative energy.
   +Blink:    It lets you blink.
   rCorr:     It protects you from acid and corrosion.
 I - a ring of magical power
 J - an amulet of regeneration (around neck)
 K - the ring of Teat (left hand) {+Blink rElec MP+9}
   (You found it in the Dungeon)

   [ring of magical power]

   rElec:     It insulates you from electricity.
   MP:        It affects your magic capacity (+9).
   +Blink:    It lets you blink.
Wands
 q - a wand of mindburst (7)
 r - a wand of iceblast (7)
 s - a wand of acid (7)
Scrolls
 h - 4 scrolls of amnesia
 i - 8 scrolls of fog
 j - a scroll of holy word
 k - 5 scrolls of identify
 l - 2 scrolls of fear
 F - a scroll of brand weapon
Potions
 d - 6 potions of might
 e - 10 potions of curing
 f - 8 potions of heal wounds
 g - 7 potions of magic
 m - 2 potions of brilliance
 n - 2 potions of invisibility
 o - 4 potions of resistance
Miscellaneous
 G - a condenser vane (inert)


   Skills:
 + Level 11.3(16.3) Fighting
 + Level 11.7(16.7) Maces & Flails
 + Level 10.9(15.9) Armour
 + Level 8.2(13.2) Dodging
 + Level 14.1(19.1) Shields
 * Level 3.5 Necromancy
 + Level 10.3 Invocations
 * Level 10.3 Evocations


You had 10 spell levels left.
You didn't know any spells.
Your spell library contained the following spells:

 Spells                   Type           Power      Damage    Failure   Level
 Sublimation of Blood     Necr           5%         N/A       82%         2
 Corpse Rot               Necr/Air       4%         N/A       96%         2
 Magic Dart               Conj           0%         1d3       99%         1
 Searing Ray              Conj           0%         2d4       99%         2
 Ignite Poison            Fire/Tmut/Pois 0%         N/A       100%        3
 Inner Flame              Hex/Fire       0%         N/A       100%        3
 Mephitic Cloud           Conj/Pois/Air  0%         N/A       100%        3
 Airstrike                Air            0%         N/A       100%        4
 Anguish                  Hex/Necr       1%         N/A       100%        4
 Flame Wave               Conj/Fire      0%         2d4       100%        4
 Fulminant Prism          Conj/Hex       0%         3d6       100%        4
 Petrify                  Tmut/Erth      0%         N/A       100%        4
 Borgnjor's Vile Clutch   Necr/Erth      1%         N/A       100%        5
 Yara's Violent Unravell  Hex/Tmut       0%         3d3       100%        5
 Conjure Ball Lightning   Conj/Air       0%         3x3d6     100%        6
 Iron Shot                Conj/Erth      0%         9d1       100%        6
 Enfeeble                 Hex            0%         N/A       100%        7
 Discord                  Hex            0%         N/A       100%        8
 Disjunction              Tloc           0%         N/A       100%        8
 Death's Door             Necr           2%         N/A       100%        9
 Animate Skeleton         Necr           Unusable   N/A       N/A         1
 Swiftness                Air            Unusable   N/A       N/A         3
 Tukima's Dance           Hex            Unusable   N/A       N/A         3
 Animate Dead             Necr           Unusable   N/A       N/A         4
 Death Channel            Necr           Unusable   N/A       N/A         6

Dungeon Overview and Level Annotations

Branches:
Dungeon (1/1)

Altars:
Ashenzari
Cheibriados
Dithmenos
Elyvilon
Fedhas
Gozag
Hepliaklqana
Kikubaaqudgha
Makhleb
Nemelex Xobeh
Okawaru
Qazlal
Ru
Sif Muna
Trog
Uskayaw
Vehumet
Wu Jian
Xom
Yredelemnul
Zin
The Shining One
Beogh
Jiyva
Lugonu

Annotations:
D 1 transporter


Innate Abilities, Weirdness & Mutations

You cannot be hasted, slowed, berserked, paralysed or teleported.
You can dig through walls and to a lower floor.
You have a pair of large antennae on your head. (SInv)
Your four strong arms can wield two-handed weapons with a shield.


Message History

The ushabti is engulfed in freezing vapours.
The mummy priest is engulfed in freezing vapours.
You block the flying skull's attack.
GONNNNG!
The mummy is engulfed in freezing vapours. x2
The death scarab is engulfed in freezing vapours.
The phantasmal warrior is engulfed in freezing vapours.
The royal mummy is engulfed in freezing vapours.
The royal mummy casts a spell.
The wraith is engulfed in freezing vapours.
You can now deal lightning-fast blows.
You feel extremely sick.
The death scarab is engulfed in freezing vapours.
The bat skeleton is engulfed in freezing vapours.
The death scarab is engulfed in freezing vapours.
You destroy the death scarab!
The death scarab's corpse disappears in a puff of smoke!
The death scarab is engulfed in freezing vapours.
The bat skeleton is engulfed in freezing vapours.
The flayed ghost is engulfed in freezing vapours.
The death scarab is engulfed in freezing vapours.
You destroy the death scarab!
The death scarab's corpse disappears in a puff of smoke!
You block the flying skull's attack.
GONNNNG!
The mummy hits you but does no damage.
The mummy priest is engulfed in freezing vapours.
The mummy priest calls on the powers of darkness!
Your body is wracked with pain!
* * * LOW HITPOINT WARNING * * *
The emperor scorpion convulses! x2
The ushabti is engulfed in freezing vapours.
You block the ushabti's attack.
BOUMMMMG!
The emperor scorpion is engulfed in freezing vapours.
The emperor scorpion stings you but does no damage.
The emperor scorpion claws you but does no damage. x2
The ushabti is engulfed in freezing vapours.
The ushabti hits you!!
You die...

▓.▓.....▓.▓.▓...▓.▓
▓....©....▓...©...▓
▓▓▓▓▓▓▓▓▓▓▓▓▓▓▓▓▓▓▓▓▓
▓...8©8...▓...8©8...▓
▓..§§§§§..▓.....}...▓
▓.§§§Z§M..▓....)[}..▓
▓.§§WMW§..▓.........▓
▓.§§9MMs§.▓...).)...▓
▓..M9@MW§.▓....))...▓
▓..§§sz§§.▓...).....▓
▓.....°...▓.▓.....▓.▓
▓.........▓....©....▓
▓....©....▓▓▓▓▓▓▓▓▓▓▓
▓▓▓▓▓▓▓▓▓▓▓


{{{{{{{{ {{{{{{{{{ {{{{{{{{{{{{{{{{{{ You could see a royal mummy, 2 emperor
scorpions, 2 mummy priests, a flayed ghost (summoned), a phantasmal warrior
(summoned), 2 ushabtiu, a wraith (summoned), a flying skull (summoned), 3
mummies and a bat skeleton (summoned).

Vanquished Creatures
  A dancing weapon (D)
  An orc high priest (D)
  A wolf spider (D)
  An eye of devastation (D)
  2 rime drakes (D)
  A tarantella (D)
  3 hornets (D)
  2 slime creatures (D)
  9 spriggans (D)
  3 redbacks (D)
  A steam dragon (D)
  A naga (D)
  A floating eye (D)
  2 black bears (D)
  2 necrophages (D)
  6 wolves (D)
  A phantom (D)
  2 scorpions (D)
  5 jellies (D)
  4 mummies (D)
  3 adders (D)
  An adder zombie (D)
  3 adder skeletons (D)
  A bat zombie (D)
  An endoplasm (D)
  A ball python skeleton (D)
  A ball python zombie (D)
  A jackal zombie (D)
61 creatures vanquished.

Notes
Turn   | Place    | Note
-------+----------+-------------------------------------------
     0 | D        | Revguard the Formicid Fighter began the quest for the Orb.
     0 | D        | Reached XP level 1. HP: 18/18 MP: 1/1
     0 | D        | Found a blossoming altar of Fedhas.
     0 | D        | Found the +6 Majin-Bo {vamp, MP+6 Int+6}
     0 | D        | Found the +9 heavy crossbow "Sniper" {vorpal, Acc+∞ SInv}
     0 | D        | Found the +10 dark maul {vorpal}
     0 | D        | Found the +15 Maxwell's patent armour {-Cast -Tele rElec
                  | Will+ rCorr}
     0 | D        | Found the +18 shield of the Gong {rElec rN+ Will+ EV-5}
     0 | D        | Found the +14 obsidian axe {vorpal, Mesm Drain Fly SInv}
     0 | D        | Found the +7 great mace "Firestarter" {inner flame, rF++}
     0 | D        | Found the +6 shillelagh "Devastator" {shatter}
     0 | D        | Found the +11 plutonium sword {Contam Stlth-}
     0 | D        | Found the +8 lance "Wyrmbane" {slay drac, rPois rF+ rC+
                  | AC+3}
     0 | D        | Found the +9 sword of Zonguldrok {reap}
     0 | D        | Found the +13 scythe of Curses {drain, Drain}
     0 | D        | Found the +5 sword of Power {vorpal}
     0 | D        | Found the +7 mace of Variability {chain chaos}
     0 | D        | Found the +7 Singing Sword {vorpal, sonic wave}
     0 | D        | Found the +8 storm bow {elec, penet}
     1 | D        | Found a transporter.
     1 | D        | Found a viscous altar of Jiyva.
     1 | D        | Found an ancient bone altar of Kikubaaqudgha.
     1 | D        | Found a hazy altar of Hepliaklqana.
     1 | D        | Found a corrupted altar of Lugonu.
     1 | D        | Found an opulent altar of Gozag.
     1 | D        | Found a burning altar of Makhleb.
     2 | D        | Found a sacrificial altar of Ru.
     2 | D        | Found a shimmering blue altar of Sif Muna.
     2 | D        | Found a stormy altar of Qazlal.
     2 | D        | Found a bloodstained altar of Trog.
     2 | D        | Found an iron altar of Okawaru.
     2 | D        | Found a sparkling altar of Nemelex Xobeh.
    47 | D        | Became a worshipper of Warmaster Okawaru
    59 | D        | Reached skill level 5 in Armour
    59 | D        | Reached skill level 5 in Shields
    59 | D        | Reached XP level 2. HP: 26/26 MP: 2/2
    63 | D        | Entered arena 2.
    63 | D        | Noticed an orc high priest
    63 | D        | Noticed a +2 short sword of draining
    63 | D        | Found a transporter.
    66 | D        | Noticed a neqoxec
    67 | D        | Killed a +2 short sword of draining
    67 | D        | Reached * piety under Okawaru
    67 | D        | Reached ** piety under Okawaru
    68 | D        | Reached skill level 9 in Shields
    68 | D        | Reached skill level 5 in Invocations
    68 | D        | Reached XP level 3. HP: 16/35 MP: 2/7
    68 | D        | Reached XP level 4. HP: 19/41 MP: 2/8
    68 | D        | Reached XP level 5. HP: 22/47 MP: 2/9
    68 | D        | Reached XP level 6. HP: 25/53 MP: 2/10
    68 | D        | Reached XP level 7. HP: 28/59 MP: 2/11
    68 | D        | Killed an orc high priest
    68 | D        | Reached *** piety under Okawaru
    69 | D        | Reached skill level 5 in Dodging
    69 | D        | Reached skill level 10 in Shields
    69 | D        | Reached XP level 8. HP: 32/67 MP: 2/12
   237 | D        | Entered arena 3.
   237 | D        | Noticed a rime drake
   237 | D        | Noticed a rime drake
   237 | D        | Found a transporter.
   241 | D        | Killed a rime drake
   241 | D        | Killed a rime drake
   241 | D        | Reached **** piety under Okawaru
   242 | D        | Reached skill level 11 in Shields
   242 | D        | Reached XP level 9. HP: 60/74 MP: 12/14
   309 | D        | Entered arena 4.
   309 | D        | Found a transporter.
   315 | D        | Reached skill level 12 in Shields
   321 | D        | Got the ring "Xinianu" {Will+ MP+9 Str+4}
   334 | D        | Entered arena 5.
   334 | D        | Found the +3 robe of Clouds {*Thunder rCloud rElec}
   334 | D        | Noticed a slime creature
   334 | D        | Found a transporter.
   339 | D        | Killed a slime creature
   340 | D        | Reached skill level 10 in Maces & Flails
   431 | D        | Entered arena 6.
   431 | D        | Found a transporter.
   443 | D        | Got the Almanac of Unstable Earth
   445 | D        | Entered arena 7.
   446 | D        | Found a transporter.
   447 | D        | Reached ***** piety under Okawaru
   458 | D        | Got the ring "Kudaimp" {Ice +Blink rN+ rCorr Dex+4}
   460 | D        | Got Kikubaaqudgha's Almanac of Black Magic
   462 | D        | Got Qakeceta's Disquisition on Beguiling and the Volcanoes
   537 | D        | Entered arena 8.
   537 | D        | Noticed a slime creature
   537 | D        | Noticed an eye of devastation
   538 | D        | Found a transporter.
   543 | D        | Killed a slime creature
   543 | D        | Killed an eye of devastation
   543 | D        | Received a gift from Okawaru
   544 | D        | Reached XP level 10. HP: 40/83 MP: 16/16
   729 | D        | Entered arena 9.
   729 | D        | Found the +9 staff of Olgreb {rPois∞}
   729 | D        | Noticed a wolf spider
   730 | D        | Found a transporter.
   734 | D        | Reached skill level 10 in Fighting
   734 | D        | Reached skill level 13 in Shields
   735 | D        | Killed a wolf spider
   736 | D        | Reached skill level 10 in Armour
   753 | D        | Got the Tome of Aerial Execration
   975 | D        | Entered arena 10.
   975 | D        | Found the +7 sceptre of Torment {pain, torment}
   975 | D        | Noticed a spriggan rider
   976 | D        | Found a transporter.
   982 | D        | Received a gift from Okawaru
  1010 | D        | Got the Guide on Evil Rituals and Intoxication
  1086 | D        | Entered arena 11.
  1086 | D        | Noticed a spriggan rider
  1086 | D        | Noticed a spriggan rider
  1087 | D        | Found a transporter.
  1090 | D        | Reached XP level 11. HP: 89/92 MP: 18/18
  1091 | D        | Reached skill level 1 in Necromancy
  1096 | D        | Reached skill level 10 in Invocations
  1101 | D        | Reached skill level 10 in Evocations
  1108 | D        | Reached skill level 14 in Shields
  1125 | D        | Got the ring of Teat {+Blink rElec MP+9}
  1255 | D        | Entered arena 12.
  1255 | D        | Noticed a mummy priest
  1255 | D        | Noticed a royal mummy
  1256 | D        | Noticed a mummy priest
  1256 | D        | Found a transporter.
  1258 | D        | Noticed a flayed ghost
  1262 | D        | Noticed a flayed ghost
  1262 | D        | Noticed a death scarab
  1262 | D        | Noticed a death scarab
  1263 | D        | Noticed a phantasmal warrior
  1264 | D        | Noticed an emperor scorpion
  1265 | D        | Noticed an emperor scorpion
  1265 | D        | Slain by an ushabti

Illustrated notes

Levels and vault maps discovered:
D:        sprint_v [room_start, room_1, room_2, room_3, room_4, room_5, room_6,
          room_7, room_8, room_9, room_10, room_11, room_12, room_13, room_14,
          room_15, room_16, room_17, room_18, room_19, room_20, room_21,
          room_22, room_23, room_24, room_25, room_26, room_27]

Skill      XL: |  1  2  3  4  5  6  7  8  9 10 11 |
---------------+----------------------------------+-----
Fighting       | 4 6 7 8 9 10 11 | 11.3
Maces & Flails | 4 7 8 9 10 11 | 11.7
Armour         | 5 7 8 9 10 | 10.9
Dodging        | 2 4 5 6 7 8 |  8.2
Shields        | 5 9 10 11 12 13 14 | 14.1
Invocations    | 5 6 7 8 9 10 | 10.3
Evocations     | 4 6 7 9 10 | 10.3
Necromancy     | 3 |  3.5

Action                   |  1- 3 |  4- 6 |  7- 9 | 10-12 || total
-------------------------+-------+-------+-------+-------++-------
Melee: Great mace        |     3 |       |    30 |    20 ||    53
       Eveningstar       |       |       |       |    21 ||    21
Invok: Heroism           |       |       |       |     1 ||     1
       Finesse           |       |       |       |     1 ||     1
Evoke: Condenser vane    |       |       |       |     1 ||     1
  Use: Potion            |     1 |       |       |     2 ||     3
Armor: Plate armour      |     3 |       |    14 |    79 ||    96
Dodge: Dodged            |       |       |     5 |    14 ||    19
Block: Kite shield       |     8 |       |    44 |   124 ||   176
